 Dungeon Crawl Stone Soup version 0.31.0-11-ge490571c62 (webtiles) character file.

Game seed: 17461618427694586348

807 qw the Skirmisher (level 7, -3/40 HPs)
             Began as a Deep Elf Hunter on Feb 5, 2024.
             Killed by nerve-wracking pain
             ... invoked by a shadow imp
             ... summoned by Eustachio
              (4 damage)
             ... on level 5 of the Dungeon.
             The game lasted 00:01:28 (3609 turns).

qw the Skirmisher (Deep Elf Hunter)                 Turns: 3609, Time: 00:01:29

Health: -3/40      AC:  9    Str: 10    XL:     7   Next: 60%
Magic:  9/9        EV: 13    Int: 14    God:
Gold:   288        SH:  0    Dex: 18    Spells: 6/6 levels left

rFire   . . .        a - +0 shortbow (flame)
rCold   . . .        (shield currently unavailable)
rNeg    . . .        d - +2 leather armour {rPois}
rPois   +            e - +0 helmet
rElec   .            (no cloak)
rCorr   .            (no gloves)
SInv    .            f - +2 pair of boots
Will    .....        k - amulet of faith
Stlth   ++           (no ring)
HPRegen 0.26/turn    (no ring)
MPRegen 0.11/turn

%: faith
@: no status effects
A: no striking features
a: no special abilities


You were on level 5 of the Dungeon.
You visited 1 branch of the dungeon, and saw 5 of its levels.

You collected 288 gold pieces.


   Skills:
 - Level 2.0 Fighting
 + Level 11.5 Ranged Weapons
 - Level 4.2 Dodging
 - Level 1.2 Stealth


You had 6 spell levels left.
You didn't know any spells.
Your spell library was empty.

Inventory:

Hand Weapons
 a - a +0 shortbow of flaming (weapon)
Armour
 d - a +2 leather armour of poison resistance (worn)
 e - a +0 helmet (worn)
 f - a +2 pair of boots (worn)
 g - a +0 ring mail
 h - a +0 pair of gloves
Jewellery
 k - an amulet of faith (around neck)
Wands
 b - a wand of flame (12)
 c - a wand of charming (6)
 i - a wand of roots (9)
Potions
 j - a potion of lignification {unknown}

Dungeon Overview and Level Annotations

Branches:
Dungeon (5/15)
 Temple: D:4-7

Altars:
Uskayaw

Annotations:
D:5 Eustachio


Message History

Eustachio is lightly wounded.
Eustachio mumbles some strange words.
You shoot an arrow. The arrow hits Eustachio.
Eustachio is lightly wounded.
Eustachio barely misses you.
You shoot an arrow. The arrow hits Eustachio!
The arrow burns Eustachio.
Eustachio is heavily wounded.
The white imp spits at you. The white imp gestures at you.
The puff of frost hits you. Eustachio hits you with a +0 rapier.
You shoot an arrow.
The arrow hits Eustachio but does no damage.
Eustachio is heavily wounded.
The shadow imp hits you. The white imp barely misses you.
Eustachio casts a spell.
You shoot an arrow. The arrow hits Eustachio.
Eustachio is heavily wounded.
The shadow imp hits you but does no damage.
The white imp barely misses you. Eustachio hits you with a +0 rapier.
You shoot an arrow. The arrow hits Eustachio.
Eustachio is severely wounded.
The white imp grins evilly.
The white imp closely misses you. The shadow imp gestures at you.
Pain shoots through your body!
You shoot an arrow. The arrow closely misses Eustachio.
The arrow hits the bat.
The arrow burns the bat.
You kill the bat!
The bat's corpse disappears in a puff of smoke!
Eustachio mumbles some strange words.
Eustachio blinks!
The white imp hits you. The white imp freezes you.
The shadow imp gestures at you. Pain shoots through your body!
You shoot an arrow. The arrow hits the white imp.
The arrow burns the white imp.
The white imp is heavily wounded.
The bat hits you.
The white imp hits you but does no damage.
The shadow imp gestures at you. Pain shoots through your body!
You die...

#....................
#...#########........
#<)## ##.....### #.##
#####....### . ##[#
##.......## ..##..#
##.....####
......ยค###.######
.....b.b#.##
.......5@##
.......5.# .......)##
...>..... .....@....
.........#.
........##..
.......## .# .......
#


You could see Eustachio, a white imp (summoned), a shadow imp (summoned) and 2
bats.

Vanquished Creatures
  4 ogres
  A black bear (D:4)
  A howler monkey (D:4)
  An orc priest (D:5)
  A jelly (D:4)
  Jessica (D:2)
  2 iguanas (D:4)
  3 orc wizards (D:4)
  3 adders
  A white imp (D:5)
  2 ufetubi (D:5)
  4 dart slugs
  13 orcs
  6 ball pythons
  4 giant cockroaches
  7 goblins
  7 hobgoblins
  2 jackals (D:3)
  7 kobolds
  4 quokkas
  4 bats
  A frilled lizard (D:1)
  3 rats
82 creatures vanquished.

Notes
Turn   | Place    | Note
-------+----------+-------------------------------------------
     0 | D:1      | qw the Deep Elf Hunter began the quest for the Orb.
     0 | D:1      | Reached XP level 1. HP: 12/12 MP: 3/3
     0 | D:1      | 0 ||| qw: Version: 0.3-a-160-g6735b56
     0 | D:1      | 0 ||| qw: Game counter: 6497
     0 | D:1      | 0 ||| qw: Melee chars always use a shield: true
     0 | D:1      | 0 ||| qw: God list: Okawaru
     0 | D:1      | 0 ||| qw: Allow faded altars: false
     0 | D:1      | 0 ||| qw: Do Orc after clearing Dungeon:15 true
     0 | D:1      | 0 ||| qw: Do second Lair branch before Depths: true
     0 | D:1      | 0 ||| qw: Lair rune preference: random
     0 | D:1      | 0 ||| qw: Goals: Normal
     0 | D:1      | 0 ||| PLANNING D:1-11
   159 | D:1      | Reached XP level 2. HP: 16/16 MP: 4/4
   165 | D:1      | Reached skill level 6 in Ranged Weapons
   559 | D:1      | Reached XP level 3. HP: 20/20 MP: 5/5
   637 | D:1      | 637 ||| UPGRADING to +0 pair of boots.
   642 | D:1      | 642 ||| UPGRADING to +2 pair of boots.
   652 | D:1      | 652 ||| DROPPING +0 pair of boots.
   653 | D:1      | 653 ||| UPGRADING to +0 ring mail.
   663 | D:1      | 663 ||| DROPPING +0 leather armour.
   664 | D:1      | 664 ||| UPGRADING to amulet of faith.
   669 | D:1      | 669 ||| READING scroll labelled ITANLI JEOSS.
   669 | D:1      | 669 ||| IDENTIFYING inky potion
   670 | D:1      | 670 ||| READING scroll labelled UROQ LAYNNOM.
   670 | D:1      | 670 ||| BRANDING +0 shortbow.
   671 | D:1      | 671 ||| DROPPING scroll of butterflies.
   672 | D:1      | 672 ||| DROPPING potion of berserk rage.
  1123 | D:2      | Reached skill level 7 in Ranged Weapons
  1342 | D:2      | Noticed Jessica
  1344 | D:2      | Killed Jessica
  1345 | D:2      | Reached XP level 4. HP: 25/25 MP: 6/6
  1600 | D:2      | 1600 ||| UPGRADING to +2 leather armour of poison
                  | resistance.
  1610 | D:2      | 1610 ||| DROPPING ring of magical power.
  1611 | D:2      | 1611 ||| DRINKING 2 fizzy sapphire potions.
  1612 | D:2      | 1612 ||| DRINKING bubbling pink potion.
  1613 | D:2      | 1613 ||| DROPPING potion of ambrosia.
  1630 | D:3      | Found a hide-covered altar of Uskayaw.
  1691 | D:3      | Found a faded altar of an unknown god.
  2213 | D:3      | 2213 ||| READING scroll of identify.
  2213 | D:3      | 2213 ||| IDENTIFYING coppery potion
  2214 | D:3      | 2214 ||| READING scroll labelled FIRYDY EJUEDDA.
  2217 | D:3      | 2217 ||| READING scroll labelled YSUBO JINIXT.
  2218 | D:3      | 2218 ||| READING scroll labelled QISTRE YCULU.
  2219 | D:3      | 2219 ||| DRINKING 2 ruby potions.
  2276 | D:4      | Reached skill level 8 in Ranged Weapons
  2312 | D:4      | Noticed an ogre
  2313 | D:4      | 2313 ||| DRINKING potion of haste.
  2318 | D:4      | Killed an ogre
  2319 | D:4      | Reached skill level 9 in Ranged Weapons
  2319 | D:4      | Reached XP level 5. HP: 29/29 MP: 7/7
  2345 | D:4      | Reached skill level 3 in Dodging
  2418 | D:4      | Reached XP level 6. HP: 32/35 MP: 8/8
  2456 | D:4      | HP: 7/35 [something (3)]
  2458 | D:4      | 2458 ||| DRINKING potion of curing.
  2458 | D:4      | 2458 ||| (to cure confusion)
  2462 | D:4      | HP: 8/35 [orc wizard/magic dart (2)]
  2463 | D:4      | 2463 ||| DRINKING potion of heal wounds.
  2481 | D:4      | 2481 ||| FLEEEEING.
  2482 | D:4      | 2482 ||| FLEEEEING.
  2483 | D:4      | 2483 ||| FLEEEEING.
  2484 | D:4      | 2484 ||| FLEEEEING.
  2485 | D:4      | 2485 ||| FLEEEEING.
  2486 | D:4      | 2486 ||| FLEEEEING.
  2487 | D:4      | 2487 ||| FLEEEEING.
  2488 | D:4      | 2488 ||| FLEEEEING.
  2489 | D:4      | 2489 ||| FLEEEEING.
  2490 | D:4      | 2490 ||| FLEEEEING.
  2491 | D:4      | 2491 ||| FLEEEEING.
  2492 | D:4      | 2492 ||| FLEEEEING.
  2493 | D:4      | 2493 ||| FLEEEEING.
  2494 | D:4      | 2494 ||| FLEEEEING.
  2495 | D:4      | 2495 ||| FLEEEEING.
  2496 | D:4      | 2496 ||| FLEEEEING.
  2497 | D:4      | 2497 ||| FLEEEEING.
  2498 | D:4      | 2498 ||| FLEEEEING.
  2499 | D:4      | 2499 ||| FLEEEEING.
  2500 | D:4      | 2500 ||| FLEEEEING.
  2501 | D:4      | 2501 ||| FLEEEEING.
  2502 | D:4      | 2502 ||| FLEEEEING.
  2503 | D:4      | 2503 ||| FLEEEEING.
  2504 | D:4      | 2504 ||| FLEEEEING.
  2505 | D:4      | 2505 ||| FLEEEEING.
  2611 | D:4      | Reached skill level 10 in Ranged Weapons
  2666 | D:4      | 2666 ||| FLEEEEING.
  2667 | D:4      | 2667 ||| FLEEEEING.
  2668 | D:4      | 2668 ||| FLEEEEING.
  2669 | D:4      | 2669 ||| FLEEEEING.
  2684 | D:4      | HP: 7/35 [orc wizard/+0 dagger (3)]
  2685 | D:4      | 2685 ||| READING scroll of teleportation.
  2692 | D:4      | 2692 ||| FLEEEEING.
  2693 | D:4      | 2693 ||| FLEEEEING.
  2694 | D:4      | 2694 ||| FLEEEEING.
  2695 | D:4      | 2695 ||| FLEEEEING.
  2697 | D:4      | 2697 ||| FLEEEEING.
  2828 | D:4      | Reached XP level 7. HP: 17/40 MP: 9/9
  3145 | D:4      | 3145 ||| UPGRADING to +0 helmet.
  3150 | D:4      | 3150 ||| READING scroll of identify.
  3150 | D:4      | 3150 ||| IDENTIFYING red potion
  3151 | D:4      | 3151 ||| DROPPING potion of attraction.
  3172 | D:5      | Entered Level 5 of the Dungeon
  3177 | D:5      | 3177 ||| STAIRDANCE
  3235 | D:5      | 3235 ||| STAIRDANCE
  3247 | D:5      | 3247 ||| STAIRDANCE
  3296 | D:5      | Reached skill level 11 in Ranged Weapons
  3585 | D:5      | Noticed Eustachio
  3587 | D:5      | 3587 ||| RETREEEEATING.
  3588 | D:5      | 3588 ||| RETREEEEATING.
  3608 | D:5      | HP: 9/40 [white imp[Eustachio] (4)]
  3608 | D:5      | HP: 1/40 [shadow imp/nerve-wracking pain[Eustachio] (8)]
  3609 | D:5      | Killed from afar by a shadow imp

Levels and vault maps discovered:
D:1:      lightli_arrival_windingriver, layout_loops_ring
D:2:      layout_basic, lightli_corner_chamber, uniq_jessica
D:3:      layout_loops_cross, eat_drink_and_be_merry_uskayaw,
          shapermc_ecumenical_altar_hornbeckon
D:4:      layout_cave_pools
D:5:      minmay_octagon_keep, layout_layer_cave, minmay_pentangle,
          uniq_eustachio, uniq_duvessa

Skill      XL: |  1  2  3  4  5  6  7 |
---------------+----------------------+-----
Ranged Weapons | 6 7 9 10 11 | 11.5
Dodging        | 3 4 |  4.2
Fighting       | 2 |  2.0
Stealth        | |  1.2

Action                     |  1- 3 |  4- 6 |  7- 9 || total
---------------------------+-------+-------+-------++-------
   Fire: Shortbow          |    95 |   161 |    72 ||   328
    Use: Scroll            |     2 |     5 |     1 ||     8
         Potion            |       |     6 |       ||     6
 Armour: Leather armour    |    15 |    67 |    27 ||   109
         Ring mail         |     5 |       |       ||     5
  Dodge: Dodged            |    23 |    50 |    23 ||    96

Table legend:
 A = Non-vault XP
 B = Vault XP
 C = Vault XP percentage of total XP
 D = Non-vault monster count
 E = Vault monster count
 F = Vault count percentage of total count
                 A         B        C        D         E       F
            +---------+---------+-------+---------+---------+-------
      Total |    1117 |      37 |   3.2 |      81 |       1 |   1.2
            +---------+---------+-------+---------+---------+-------
        D:1 |      41 |       0 |   0.0 |      21 |       0 |   0.0
        D:2 |      25 |      37 |  59.7 |       7 |       1 |  12.5
        D:3 |      26 |       0 |   0.0 |      14 |       0 |   0.0
        D:4 |     716 |       0 |   0.0 |      32 |       0 |   0.0
        D:5 |     309 |       0 |   0.0 |       7 |       0 |   0.0
            +---------+---------+-------+---------+---------+-------
